 Dungeon Crawl Stone Soup version 0.29.1-13-g9f3cf754e1 (webtiles) character file.

Game seed: 16411871300137092166

2627 LabCoat the Cleaver (level 9, -15/78 HPs)
             Began as a Hill Orc Fighter on Feb 10, 2023.
             Was a Follower of Okawaru.
             Killed from afar by Maggie (23 damage)
             ... with a bolt of fire
             ... on level 7 of the Dungeon.
             The game lasted 00:16:07 (6787 turns).

LabCoat the Cleaver (Hill Orc Fighter)              Turns: 6787, Time: 00:16:08

Health: -15/78     AC: 14    Str: 29    XL:     9   Next: 61%
Magic:  7/9        EV: 10    Int:  8    God:    Okawaru [*.....]
Gold:   331        SH:  6    Dex: 10    Spells: 8/8 levels left

rFire   . . .      SeeInvis +   a - +1 war axe
rCold   . . .      Faith    .   c - +0 buckler
rNeg    . . .      Spirit   .   x - +0 chain mail
rPois   .          Reflect  .   (no helmet)
rElec   .          Harm     .   y - +0 cloak
rCorr   .          Rampage  .   (no gloves)
Will    .....                   (no boots)
Stlth   ..........              (no amulet)
HPRegen 0.23/turn               h - ring of see invisible
MPRegen 0.11/turn               q - +6 ring of strength

@: lethally poisoned (-15 -> -17), heroic, marked, on berserk cooldown,
mesmerised, slowed, studying Axes, very slow
A: no striking features
a: Renounce Religion, Heroism


You were on level 7 of the Dungeon.
You worshipped Okawaru.
Okawaru was aware of your devotion.
You visited 2 branches of the dungeon, and saw 8 of its levels.

You collected 331 gold pieces.

Inventory:

Hand Weapons
 a - a +1 war axe (weapon)
 l - a +0 broad axe
 B - a +0 halberd
Missiles
 d - a throwing net
 n - 2 boomerangs (quivered)
Armour
 c - a +0 buckler (worn)
 r - a +0 plate armour
 x - a +0 chain mail (worn)
 y - a +0 cloak (worn)
Jewellery
 h - a ring of see invisible (left hand)
 q - a +6 ring of strength (right hand)
 t - a ring of fire
Wands
 o - a wand of flame (51)
 w - a wand of iceblast (7)
Scrolls
 k - a scroll of teleportation
 v - a scroll of noise
Potions
 b - a potion of berserk rage
 e - 2 potions of mutation {unknown}
 f - 4 potions of brilliance
 g - a potion of invisibility {unknown}
 i - 3 potions of magic
 j - 4 potions of curing
 m - 2 potions of flight
 s - a potion of attraction {unknown}
 u - a potion of haste {unknown}
 z - 2 potions of lignification
 A - 2 potions of resistance {unknown}


   Skills:
 + Level 6.4(11.4) Fighting
 + Level 11.3(16.3) Axes
 + Level 2.6(7.6) Throwing
 * Level 8.3(13.3) Armour
 + Level 1.0(6.0) Dodging
 + Level 1.0(6.0) Stealth
 + Level 5.3(10.3) Shields
 + Level 2.6 Evocations


You had 8 spell levels left.
You didn't know any spells.
Your spell library contained the following spells:

 Spells                   Type           Power      Damage    Failure   Level
 Blink                    Tloc           0%         N/A       96%         2
 Gell's Gravitas          Tloc           0%         N/A       99%         3
 Ignite Poison            Fire/Tmut/Pois 0%         N/A       99%         3
 Mephitic Cloud           Conj/Pois/Air  0%         N/A       99%         3
 Ozocubu's Armour         Ice            0%         N/A       99%         3
 Teleport Other           Tloc           0%         N/A       99%         3
 Freezing Cloud           Conj/Ice/Air   0%         6-21      100%        5
 Manifold Assault         Tloc           0%         N/A       100%        5
 Metabolic Englaciation   Hex/Ice        0%         N/A       100%        5
 Dispersal                Tloc           0%         N/A       100%        6
 Storm Form               Tmut/Air       0%         N/A       100%        7
 Summon Small Mammal      Summ           Unusable   N/A       N/A         1
 Call Canine Familiar     Summ           Unusable   N/A       N/A         3
 Summon Guardian Golem    Hex/Summ       Unusable   N/A       N/A         3
 Simulacrum               Ice/Necr       Unusable   N/A       N/A         6

Dungeon Overview and Level Annotations

Branches:
Dungeon (7/15)             Temple (1/1) D:6

Altars:
Ashenzari
Cheibriados
Dithmenos
Elyvilon
Fedhas
Gozag
Hepliaklqana
Kikubaaqudgha
Makhleb
Nemelex Xobeh
Okawaru
Qazlal
Ru
Sif Muna
Trog
Uskayaw
Vehumet
Wu Jian
Xom
Yredelemnul
Zin
The Shining One

Annotations:
D:7 Maggie


Message History

Maggie burns you.
* * * LOW HITPOINT WARNING * * *
You block the water moccasin's attack.
You feel much better.
You feel sick. You block the water moccasin's attack.
The sky beast hits you but does no damage.
Maggie hits you with a +0 broad axe of flaming!
Maggie burns you. The water moccasin bites you.
The sky beast closely misses you.
Maggie mumbles some strange words.
Maggie draws you further into her thrall.
The phantom hits you.
* * * LOW HITPOINT WARNING * * *
You hit Maggie but do no damage.
Maggie is heavily wounded.
You slash the water moccasin! You hit the sky beast.
You closely miss the phantom.
You feel sick.
The water moccasin bites you but does no damage.
You block the water moccasin's attack. The sky beast barely misses you.
Maggie closely misses you.
The phantom hits you but does no damage.
You hit Maggie.
Maggie is heavily wounded.
You closely miss the water moccasin. You slash the sky beast!
You barely miss the phantom.
You feel sick.
The water moccasin bites you but does no damage.
The sky beast barely misses you. Maggie hits you but does no damage.
The phantom hits you but does no damage.
You slice Maggie!!
Maggie is severely wounded.
You slash the water moccasin!
You kill the water moccasin!
Okawaru accepts your kill.
You barely miss the sky beast. You slash the phantom!
You feel sick. The sky beast hits you.
* * * LOW HITPOINT WARNING * * *
The sky beast shocks you.
* * * LOW HITPOINT WARNING * * *
Maggie points at you and mumbles some strange words.
The bolt of fire hits you!!
You die...

##../...(....
##.......)....
#....(........
#.............
#.......?....
#...Y.....
#..†Y.#
#.†@@o#
#...†W.#
..........#
......#....#
.$.######....
.# ##... ###
#... #.. ##.
#.< #..


You could see Maggie (mesmerising), 2 sky beasts, a phantom and an orc.

Vanquished Creatures
  2 unseen horrors (D:5)
  Prince Ribbit (D:7)
  Grinder (D:5)
  Menkaure (D:5)
  2 water moccasins
  Duvessa (D:5)
  2 black bears (D:7)
  A centaur (D:4)
  A phantom (D:5)
  A scorpion (D:5)
  3 bullfrogs
  Dowan (D:5)
  A vampire bat (D:4)
  Crazy Yiuf (D:5)
  A gnoll bouda (D:6)
  7 hounds
  A jelly (D:5)
  Ijyb (D:4)
  Natasha (thrice) (D:2)
  An iguana (D:6)
  7 gnolls
  An adder (D:5)
  2 shadow imps (D:6)
  A white imp (D:6)
  3 ufetubi
  4 worms
  A dart slug (D:5)
  3 fire bats (D:4)
  6 orcs
  2 spectral bats (D:4)
  3 bat skeletons (D:4)
  A bat zombie (D:4)
  5 endoplasms
  7 giant cockroaches
  12 goblins
  5 hobgoblins
  2 jackals (D:1)
  6 kobolds
  5 quokkas
  7 ball pythons
  12 bats
  A bat simulacrum (D:4)
  3 frilled lizards
  6 rats
138 creatures vanquished.

Notes
Turn   | Place    | Note
-------+----------+-------------------------------------------
     0 | D:1      | LabCoat the Hill Orc Fighter began the quest for the Orb.
     0 | D:1      | Reached XP level 1. HP: 19/19 MP: 1/1
   157 | D:1      | Found a faded altar of an unknown god.
   161 | D:1      | Reached XP level 2. HP: 27/27 MP: 2/2
   264 | D:1      | Reached skill level 3 in Axes
   507 | D:1      | Reached XP level 3. HP: 30/33 MP: 3/3
  1034 | D:2      | Noticed Natasha
  1042 | D:2      | Killed Natasha
  1043 | D:2      | Reached skill level 4 in Axes
  1043 | D:2      | Reached XP level 4. HP: 31/40 MP: 4/4
  1405 | D:2      | Noticed Natasha
  1412 | D:2      | Killed Natasha
  1413 | D:2      | Reached skill level 5 in Axes
  1588 | D:2      | Noticed Natasha
  1603 | D:2      | Killed Natasha
  1604 | D:2      | Reached XP level 5. HP: 22/47 MP: 5/5
  2304 | D:3      | Found a blossoming altar of Fedhas.
  2692 | D:4      | Noticed Ijyb
  2713 | D:4      | Killed Ijyb
  2714 | D:4      | Reached skill level 1 in Throwing
  2952 | D:4      | Reached XP level 6. HP: 52/53 MP: 6/6
  2976 | D:4      | Reached skill level 1 in Evocations
  3051 | D:4      | Reached skill level 6 in Axes
  3392 | D:5      | Entered Level 5 of the Dungeon
  3576 | D:5      | Reached XP level 7. HP: 58/60 MP: 7/7
  3685 | D:5      | Noticed Menkaure
  3689 | D:5      | Killed Menkaure
  3690 | D:5      | Reached skill level 7 in Axes
  4022 | D:5      | Noticed an unseen horror
  4050 | D:5      | Killed an unseen horror
  4051 | D:5      | Reached skill level 5 in Fighting
  4051 | D:5      | Reached skill level 8 in Axes
  4051 | D:5      | Reached skill level 5 in Armour
  4051 | D:5      | Reached XP level 8. HP: 26/68 MP: 8/8
  4319 | D:5      | Noticed an unseen horror
  4330 | D:5      | Killed an unseen horror
  4577 | D:5      | Noticed Dowan
  4578 | D:5      | Noticed Duvessa
  4582 | D:5      | Noticed Grinder
  4586 | D:5      | Reached skill level 9 in Axes
  4597 | D:5      | Killed Duvessa
  4615 | D:5      | Killed Dowan
  4619 | D:5      | Killed Grinder
  4846 | D:5      | Found a runed translucent door.
  4847 | D:5      | Noticed Crazy Yiuf
  4853 | D:5      | Killed Crazy Yiuf
  4854 | D:5      | Reached XP level 9. HP: 66/75 MP: 9/9
  5297 | D:6      | Reached skill level 5 in Shields
  5413 | D:6      | Reached skill level 1 in Dodging
  5473 | D:6      | Reached skill level 10 in Axes
  6158 | D:6      | Found a staircase to the Ecumenical Temple.
  6218 | Temple   | Entered the Ecumenical Temple
  6311 | Temple   | Became a worshipper of Warmaster Okawaru
  6746 | D:7      | Noticed Prince Ribbit
  6768 | D:7      | Noticed Maggie
  6777 | D:7      | Killed Prince Ribbit
  6777 | D:7      | Reached * piety under Okawaru
  6778 | D:7      | Reached skill level 11 in Axes
  6778 | D:7      | Reached skill level 1 in Stealth
  6787 | D:7      | Killed from afar by Maggie

Illustrated notes

Levels and vault maps discovered:
D:1:      eino_arrival_cavern_e, layout_loops_ring,
          shapermc_ecumenical_altar_venn
D:2:      layout_basic, uniq_natasha
D:3:      layout_rooms, fedhas_ov_isle_minmay, minmay_crystal_room
D:4:      layout_rooms, goddamned_bats, uniq_ijyb
D:5:      layout_loops_corners, minmay_manual_maat, uniq_duvessa, uniq_grinder,
          uniq_menkaure, uniq_crazy_yiuf_cottage
D:6:      layout_layer_cave, minmay_temple_entry_fiery
D:7:      cheibrodos_barr_body, layout_layer_cave, serial_shops,
          nicolae_shop_statue_plus, grunt_ministairs_14, uniq_prince_ribbit1,
          uniq_maggie
Temple:   kilobyte_greek_temple

Skill      XL: |  1  2  3  4  5  6  7  8  9 |
---------------+----------------------------+-----
Axes           | 3 4 5 6 8 9 11 | 11.3
Fighting       | 4 5 6 |  6.4
Armour         | 4 5 6 8 |  8.3
Throwing       | 1 2 |  2.6
Shields        | 4 5 |  5.3
Evocations     | 1 2 |  2.6
Dodging        | 1 |  1.0
Stealth        | 1 |  1.0

Action                   |  1- 3 |  4- 6 |  7- 9 || total
-------------------------+-------+-------+-------++-------
Melee: War axe           |    90 |   141 |   155 ||   386
Throw: Dart              |     9 |       |       ||     9
       Boomerang         |     6 |    27 |    18 ||    51
Invok: Heroism           |       |       |     1 ||     1
Evoke: Wand              |       |     1 |    19 ||    20
  Use: Scroll            |       |     8 |     9 ||    17
       Potion            |       |       |     7 ||     7
Armor: Scale mail        |    40 |    35 |       ||    75
       Chain mail        |       |    62 |    89 ||   151
Dodge: Dodged            |    45 |    74 |    74 ||   193
Block: Buckler           |    29 |    42 |    48 ||   119
